 Dungeon Crawl Stone Soup version 0.23-a0-480-g1869896 (webtiles) character file.

60 Pusscat the Vexing (level 3, 0/15 HPs)
             Began as a Felid Enchanter on Nov 28, 2018.
             Slain by a worm (11 damage)
             ... on level 3 of the Dungeon.
             The game lasted 00:07:44 (2844 turns).

Pusscat the Vexing (Felid Enchanter)                Turns: 2844, Time: 00:07:45

Health: 0/15       AC:  1    Str:  4    XL:     3   Next: 80%
Magic:  16/16      EV: 18    Int: 17    God:
Gold:   90         SH:  0    Dex: 16    Spells: 3/6 levels left
                                        Lives:  0   Deaths: 0

rFire    . . .     SeeInvis +     - Unarmed
rCold    . . .     Gourm    .   (shield unavailable)
rNeg     . . .     Faith    .   (armour unavailable)
rPois    .         Spirit   .   (helmet unavailable)
rElec    .         Reflect  .   (cloak unavailable)
rCorr    .         Harm     .   (gloves unavailable)
MR       .....                  (boots unavailable)
Stlth    +++.......             e - amulet of inaccuracy (curse)
HPRegen  0.05/turn              m - ring of magical power
MPRegen  0.15/turn              (no ring)

@: very slightly contaminated, quick
A: very small, no armour, no weapons or thrown items, stealth, claws 1, fangs 3,
see invisible, carnivore, speed 1, shaggy fur 1, slow metabolism 1, sharp paws
a: no special abilities


You were on level 3 of the Dungeon.
You were completely stuffed.

You visited 1 branch of the dungeon, and saw 3 of its levels.

You collected 90 gold pieces.

Inventory:

Jewellery
 d - an uncursed amulet of the gourmand {unknown}
 e - a cursed amulet of inaccuracy (around neck)
 m - a ring of magical power (left paw)
Scrolls
 c - 3 scrolls of identify
Potions
 a - a potion of invisibility
 g - 2 potions of curing {unknown}
 i - 2 potions of lignification {unknown}
 j - a potion of degeneration {unknown}
 l - a potion of agility {unknown}
 n - a potion of ambrosia {unknown}
 o - a potion of berserk rage {unknown}
Comestibles
 b - 5 rations
 k - 3 chunks of flesh


   Skills:
 * Level 1.4 Fighting
 - Level 3.1 Dodging
 - Level 4.0 Stealth
 * Level 2.4 Unarmed Combat
 + Level 2.2 Spellcasting
 * Level 4.5 Hexes
 * Level 0.6 Ice Magic


You had 3 spell levels left.
You knew the following spells:

 Your Spells              Type           Power        Failure   Level  Hunger
a - Corona                Hex            ###....      3%          1    #......
b - Ensorcelled Hibernat  Hex/Ice        ##....       10%         2    ###....

Your spell library contained the following spells:

 Spells                   Type           Power        Failure   Level  Hunger
 Confuse                  Hex            ###.....     9%          3    ###....
 Tukima's Dance           Hex            ###.....     9%          3    ###....
 Dazzling Spray           Conj/Hex       #.....       22%         3    ###....


Dungeon Overview and Level Annotations

Branches:
Dungeon (3/15)

Altars:


Innate Abilities, Weirdness & Mutations

You cannot wear armour.
You are incapable of wielding weapons or throwing items.
Your paws allow you to move quietly. (Stealth)
You have sharp claws.
You have razor-sharp teeth.
You have supernaturally acute eyesight. (SInv)
You are carnivorous and can eat meat at any time.
You cover ground quickly.
You are covered in fur. (AC +1)
You have a slow metabolism.
Your sharp claws are effective at attacking unaware monsters.


Message History

You closely miss the worm.
The worm is lightly wounded.
The kobold throws a stone.
The stone barely misses you. The worm barely misses you.
You closely miss the worm. You bite the worm, but do no damage.
The kobold throws a stone.
The stone hits you.
You scratch the worm.
The worm is moderately wounded.
The worm closely misses you.
The kobold throws a stone.
The stone closely misses you.
You scratch the worm but do no damage.
The worm is lightly wounded.
The worm barely misses you.
You scratch the worm.
The worm is moderately wounded.
You closely miss the worm. You bite the worm, but do no damage.
The worm is moderately wounded.
The kobold completely misses you. The worm bites you!
Ouch! That really hurt!
You die...

#..... #..... #.
#..... #..... #. .#
#..... #..... #.##.#
###### #..... ..#.#
..... #.#.# ...
#.#.#
#.#w###...#####
#..K@.........###
#....#.##........#
.....#.#.##........#
#### #.#.##........#
.....'.>......#
#.####....)...# #.
#........# #.
#........#
#........#


You could see a worm and a kobold.

Vanquished Creatures
  An adder (D:2)
  3 dart slugs
  2 leopard geckos
  5 bats
  2 giant cockroaches
  8 goblins
  4 hobgoblins
  5 kobolds
  A frilled lizard (D:1)
  11 rats
42 creatures vanquished.

Notes
Turn   | Place    | Note
-------+----------+-------------------------------------------
     0 | D:1      | Pusscat the Felid Enchanter began the quest for the Orb.
     0 | D:1      | Reached XP level 1. HP: 7/7 MP: 4/4
   503 | D:1      | Reached XP level 2. HP: 12/12 MP: 6/6
   507 | D:1      | Learned a level 2 spell: Ensorcelled Hibernation
   655 | D:1      | Reached skill level 1 in Fighting
  1912 | D:2      | Reached XP level 3. HP: 15/15 MP: 7/7
  2844 | D:3      | Slain by a worm

Vault maps used:
D:1:      dpeg_arrival_rhombi, hangedman_abyss_or_decor_stabs, st_stairs_9,
          chequers_jeans
D:2:      minmay_misc_feat_square, chequers_avenue
D:3:      first_ration

Skill      XL: |  1  2 |
---------------+-------+-----
Fighting       | 1 |  1.4
Dodging        | 3 |  3.1
Unarmed Combat | 2 |  2.4
Stealth        | |  4.0
Spellcasting   | |  2.2
Hexes          | |  4.5
Ice Magic      | |  0.6

Action                   || total
-------------------------++-------
Melee: Unarmed           ||   135
       Bite              ||     7
 Cast: Ensorcelled Hiber ||    22
  Use: Scroll            ||     6
 Stab: Sleeping          ||    19
  Eat: Chunk             ||    12
Armor: Skin              ||     3
Dodge: Dodged            ||   101

Table legend:
 A = Non-vault XP
 B = Vault XP
 C = Vault XP percentage of total XP
 D = Non-vault monster count
 E = Vault monster count
 F = Vault count percentage of total count
                 A         B        C        D         E       F
            +---------+---------+-------+---------+---------+-------
      Total |      81 |       5 |   5.8 |      39 |       3 |   7.1
            +---------+---------+-------+---------+---------+-------
        D:1 |      26 |       5 |  16.1 |      15 |       3 |  16.7
        D:2 |      30 |       0 |   0.0 |      13 |       0 |   0.0
        D:3 |      25 |       0 |   0.0 |      11 |       0 |   0.0
            +---------+---------+-------+---------+---------+-------
